 Dungeon Crawl Stone Soup version 0.31.0-11-ge490571c62 (webtiles) character file.

Game seed: 11424411372634193939

10615 Daunt the Fighter (level 11, -1/63 HPs)
             Began as a Vine Stalker Fighter on Jan 27, 2024.
             Was a High Priest of Okawaru.
             Constricted to death by Erica (2 damage)
             ... on level 11 of the Dungeon.
             The game lasted 00:45:04 (3817 turns).

Daunt the Fighter (Vine Stalker Fighter)            Turns: 3817, Time: 00:45:08

Health: -1/63      AC: 26    Str: 22    XL:     11   Next: 64%
Magic:  0/16       EV:  6    Int: 12    God:    Okawaru [*****.]
Gold:   693        SH:  0    Dex: 14    Spells: 10/10 levels left

rFire   + + .        b - +10 dark maul {heavy}
rCold   . . .        (shield currently unavailable)
rNeg    . . .        w - +8 plate armour of Shadows and Fog {Str-3 Int+4 SInv}
rPois   .            G - +0 helmet of the Flute {rF++ Str+2 SInv}
rElec   .            (no cloak)
rCorr   .            K - +0 pair of gloves
SInv    +            (no boots)
Will    +....        Q - amulet of magic regeneration Stlth
                     (no ring)
HPRegen 1.10/turn    (no ring)
MPRegen 0.55/turn

%: guardian spirit
@: lethally poisoned (-1 -> -2), heroic, constricted
A: fangs 3, regeneration 1, magic shield, antimagic bite, no potion heal 2
a: Renounce Religion, Heroism, Finesse, Duel


You were on level 11 of the Dungeon.
You worshipped Okawaru.
Okawaru was extremely pleased with you.
You visited 2 branches of the dungeon, and saw 12 of its levels.

You collected 693 gold pieces.

Inventory:

Hand Weapons
 a - a +2 dire flail of draining
 b - the +10 dark maul (weapon) {heavy}
   (You took it off a two-headed ogre on level 9 of the Dungeon)
 z - the +7 Throatcutter {drain, coup de grace}
   (You found it on level 6 of the Dungeon)
 D - a +0 war axe
 O - a +0 sling
Missiles
 d - 2 curare-tipped darts
 g - 20 stones
 m - 31 poisoned darts (quivered)
Armour
 c - a +0 buckler
 i - a +0 tower shield
 s - the +0 ring mail "Jeilled" {rF+ rC+ Slay+2}
   (You found it on level 4 of the Dungeon)

   Slay+2:    It affects your accuracy & damage with ranged weapons and melee
   (+2).
   rF+:       It protects you from fire.
   rC+:       It protects you from cold.
 w - the +8 plate armour of Shadows and Fog (worn) {Str-3 Int+4 SInv}
   (You found it on level 5 of the Dungeon)

   Str-3:     It affects your strength (-3).
   Int+4:     It affects your intelligence (+4).
   SInv:      It lets you see invisible.
 A - a +2 scale mail of cold resistance
 G - the +0 helmet of the Flute (worn) {rF++ Str+2 SInv}
   (You found it on level 7 of the Dungeon)

   Str+2:     It affects your strength (+2).
   rF++:      It greatly protects you from fire.
   SInv:      It lets you see invisible.
 K - a +0 pair of gloves (worn)
 M - a +0 scale mail of poison resistance
Jewellery
 Q - an amulet of magic regeneration (around neck)
 R - a ring of ice
Wands
 r - a wand of iceblast (9)
 v - a wand of polymorph (6)
 H - a wand of light (5)
Scrolls
 f - 4 scrolls of amnesia {unknown}
 k - 10 scrolls of identify {unknown}
 l - a scroll of brand weapon {unknown}
 t - a scroll of poison {unknown}
 u - a scroll of revelation {unknown}
 x - 3 scrolls of noise {unknown}
 y - 3 scrolls of teleportation {unknown}
 B - a scroll of fear {unknown}
 E - 2 scrolls of immolation {unknown}
 L - a scroll of enchant weapon {unknown}
 S - a scroll of blinking {unknown}
Potions
 e - a potion of lignification {unknown}
 h - 2 potions of curing
 j - 4 potions of degeneration {unknown}
 n - a potion of ambrosia {unknown}
 o - a potion of resistance {unknown}
 p - 3 potions of enlightenment {unknown}
 q - 4 potions of berserk rage {unknown}
 C - a potion of might
 F - a potion of heal wounds {unknown}
 I - a potion of attraction {unknown}
 J - a potion of mutation {unknown}
 N - a potion of brilliance {unknown}
 P - a potion of haste {unknown}


   Skills:
 - Level 10.0(15.0) Fighting
 - Level 1.5(6.5) Long Blades
 - Level 7.3(14.0) Axes
 + Level 8.0(14.3) Maces & Flails
 - Level 6.0(11.0) Armour
 - Level 2.6(7.6) Shields
 * Level 6.0 Invocations


You had 10 spell levels left.
You didn't know any spells.
Your spell library was empty.

Dungeon Overview and Level Annotations

Branches:
Dungeon (11/15)            Temple (1/1) D:6            Lair (0/5) D:10
    Orc: D:9-12

Altars:
Ashenzari
Cheibriados
Dithmenos
Elyvilon
Fedhas
Gozag
Hepliaklqana
Kikubaaqudgha
Makhleb
Nemelex Xobeh
Okawaru
Qazlal
Ru
Sif Muna
Trog
Uskayaw
Vehumet
Wu Jian
Xom
Yredelemnul
The Shining One

Shops:
D:5 :

Annotations:
D:11 Erica


Innate Abilities, Weirdness & Mutations

You have razor-sharp teeth.
Your natural rate of healing is unusually fast.
When hurt, damage is shared between your health and your magic reserves.
Your bite disrupts and absorbs the magic of your enemies.
Potions cannot restore your health.


Message History

Press: ? - help, v - describe, . - travel
Here: Erica, wielding a +2 scimitar of flaming and wearing a ring of positive energy (constricting you)
The floor.
Unknown command.
You bludgeon Erica!!
Erica is heavily wounded.
You feel very sick. Erica barely misses you. Erica constricts you.
Erica hits you with a +2 scimitar of flaming!
Erica burns you.
* * * LOW HITPOINT WARNING * * *
Erica constricts you.
Unknown command.
You barely miss Erica. Your bite misses Erica.
Erica is heavily wounded.
You feel very sick.
Erica says, "I love to horrify, but killing's even better."
Erica hits you with a +2 scimitar of flaming!
* * * LOW HITPOINT WARNING * * *
Erica constricts you. Erica hits you but does no damage. Erica constricts you.
* * * LOW HITPOINT WARNING * * *
Erica hits you with a +2 scimitar of flaming.
* * * LOW HITPOINT WARNING * * *
Erica constricts you.
You are mildly poisoned (1 -> 1).
You possess the skills of a mighty hero.
You are being held by Erica.
Your movement speed is average.
Your attack delay is about 2.5.
Your damage rating with the +10 dark maul {heavy} is about 148 (Base [37 + 29 (Hvy)] x 130% (Str) x 160% (Skill) + 10 (Ench)).
Your base attributes are Str 23, Int 8, Dex 14.
Unknown command.
Unknown command.
You barely miss Erica. Your bite misses Erica.
Erica is heavily wounded.
You feel sick.
Erica hits you with a +2 scimitar of flaming.
* * * LOW HITPOINT WARNING * * *
Erica constricts you. Erica barely misses you. Erica constricts you.
You die...
Erica begins burbling mirthfully and uncontrollably.

## .###. .....#### .
......... ..
hg......#### .#
h..........##.#
#.......##.####.
#....x.......
##...@.......
#.##...########
####.#.††.........
.#####.......[.........
..........#............
..[.......#....<.......
........†.#............
.......................
.......................


You could see Erica.

Vanquished Creatures
  A boulder beetle (D:11)
  3 two-headed ogres
  3 cyclopes (D:9)
  A kobold demonologist (D:9)
  A komodo dragon (D:10)
  3 trolls
  4 slime creatures (D:10)
  A wyvern (D:9)
  A wraith (D:9)
  5 yaks (D:9)
  A vampire (D:11)
  Grum (D:11)
  2 steam dragons
  Edmund (D:6)
  A water moccasin (D:8)
  An orc warrior (D:7)
  3 black bears
  3 centaurs
  2 ogres
  5 wolves
  7 kobold brigands
  3 bullfrogs
  2 gnoll sergeants
  A scorpion (D:4)
  3 wights (D:10)
  10 killer bees
  4 howler monkeys
  3 electric eels (D:10)
  8 hounds
  A bombardier beetle (D:4)
  3 orc priests
  A jelly (D:4)
  2 iguanas (D:6)
  A sleepcap (D:7)
  5 orc wizards
  A gnoll (D:7)
  6 adders
  A shadow imp (D:6)
  A white imp (D:7)
  2 dart slugs (D:3)
  A ribbon worm (D:3)
  24 orcs
  2 ball pythons
  5 bats
  8 endoplasms
  6 giant cockroaches
  2 goblins
  4 hobgoblins
  10 kobolds
  A quokka (D:3)
  3 frilled lizards
  3 rats
177 creatures vanquished.

Vanquished Creatures (others)
  An orc wizard (D:6)
1 creature vanquished.

Grand Total: 178 creatures vanquished

Notes
Turn   | Place    | Note
-------+----------+-------------------------------------------
     0 | D:1      | Daunt the Vine Stalker Fighter began the quest for the Orb.
     0 | D:1      | Reached XP level 1. HP: 11/11 MP: 2/2
    84 | D:1      | Reached XP level 2. HP: 16/16 MP: 3/3
   381 | D:2      | Reached skill level 3 in Fighting
   478 | D:3      | Reached XP level 3. HP: 20/20 MP: 4/4
   583 | D:3      | Reached XP level 4. HP: 23/24 MP: 5/5
   604 | D:3      | Found a faded altar of an unknown god.
   738 | D:4      | Noticed an ogre
   845 | D:4      | Identified the +0 ring mail "Jeilled" {rF+ rC+ Slay+2}
   894 | D:4      | Reached XP level 5. HP: 25/29 MP: 3/6
   979 | D:4      | Reached skill level 4 in Fighting
   979 | D:4      | Reached XP level 6. HP: 33/33 MP: 7/7
  1021 | D:4      | Reached skill level 5 in Axes
  1047 | D:5      | Entered Level 5 of the Dungeon
  1163 | D:5      | Identified the +8 plate armour of Shadows and Fog {Str-3
                  | Int+4 SInv}
  1255 | D:5      | Reached XP level 7. HP: 32/38 MP: 5/8
  1403 | D:5      | Found Puawaq Wox's Tremendous Tomes.
  1505 | D:6      | Noticed Edmund
  1648 | D:5      | You fall into a shaft and drop 2 floors!
  1683 | D:6      | Reached skill level 5 in Fighting
  1709 | D:6      | Found the +7 Throatcutter {drain, coup de grace}
  1734 | D:6      | Gained mutation: You have razor-sharp teeth. [Vine Stalker
                  | growth]
  1734 | D:6      | Reached XP level 8. HP: 43/43 MP: 9/9
  1872 | D:5      | Reached skill level 6 in Fighting
  1920 | D:6      | Found a staircase to the Ecumenical Temple.
  1926 | Temple   | Entered the Ecumenical Temple
  1940 | Temple   | Became a worshipper of Warmaster Okawaru
  2085 | D:6      | Killed Edmund
  2086 | D:6      | Reached skill level 1 in Long Blades
  2214 | D:7      | Noticed a two-headed ogre
  2227 | D:7      | Killed a two-headed ogre
  2227 | D:7      | Reached * piety under Okawaru
  2228 | D:7      | Reached skill level 8 in Fighting
  2228 | D:7      | Reached XP level 9. HP: 11/52 MP: 3/10
  2262 | D:7      | Found a blossoming altar of Fedhas.
  2264 | D:7      | Found an ornate altar of the Wu Jian Council.
  2279 | D:7      | Reached ** piety under Okawaru
  2299 | D:7      | Reached skill level 9 in Fighting
  2367 | D:7      | Identified the +0 scale mail of Beogh's Anger {+Blink Str+2
                  | SInv}
  2485 | D:7      | Identified the +0 helmet of the Flute {rF++ Str+2 SInv}
  2500 | D:7      | Found a hazy altar of Hepliaklqana.
  2605 | D:8      | Reached skill level 10 in Fighting
  2605 | D:8      | Reached skill level 1 in Invocations
  2799 | D:9      | Noticed a two-headed ogre
  2803 | D:9      | Killed a two-headed ogre
  2803 | D:9      | Reached *** piety under Okawaru
  2804 | D:9      | Reached XP level 10. HP: 59/59 MP: 11/13
  2996 | D:9      | Reached skill level 5 in Armour
  3020 | D:9      | Reached **** piety under Okawaru
  3036 | D:9      | Reached skill level 1 in Maces & Flails
  3144 | D:9      | Noticed a two-headed ogre
  3162 | D:9      | Killed a two-headed ogre
  3175 | D:9      | Noticed a cyclops
  3177 | D:9      | Noticed a cyclops
  3220 | D:9      | Killed a cyclops
  3243 | D:9      | Killed a cyclops
  3244 | D:9      | Reached skill level 5 in Maces & Flails
  3244 | D:9      | Reached XP level 11. HP: 35/63 MP: 15/15
  3262 | D:9      | Noticed a cyclops
  3266 | D:9      | Killed a cyclops
  3430 | D:10     | Entered Level 10 of the Dungeon
  3580 | D:10     | Found a staircase to the Lair.
  3665 | D:10     | Reached ***** piety under Okawaru
  3666 | D:10     | Reached skill level 5 in Invocations
  3739 | D:11     | Noticed a boulder beetle
  3746 | D:11     | Killed a boulder beetle
  3754 | D:11     | Noticed Grum
  3772 | D:11     | Killed Grum
  3779 | D:11     | Noticed Erica
  3816 | D:11     | HP: 1/63 [Erica/+2 scimitar of flaming (3)]
  3817 | D:11     | Constricted to death by Erica

Illustrated notes

Levels and vault maps discovered:
D:1:      amcnicky_arrival_flooded_fountain, layout_loops_cross,
          minmay_crystal_water, corexii_hall_statues_u,
          chequers_decorated_corner
D:2:      layout_basic
D:3:      layout_rooms, dreamdust_ecumenical_altar_angels_and_demons,
          dreamdust_wishing_well, kennysheep_generic_room_14
D:4:      layout_cave_pools, chequers_serial_rivers_room_a,
          uniq_crazy_yiuf_cottage
D:5:      layout_gridville, st_stairs_7, serial_park_tiny_2, solitary_fountain,
          nicolae_shop_i_like_big_books
D:6:      layout_loops_ring, minmay_temple_entry_hall,
          dilly_guarded_unrand_throatcut, uniq_edmund
D:7:      kennysheep_spiral_hall, layout_rooms, zin_treasury,
          nicolae_overflow_hidden_temple, lemuel_round_altar
D:8:      layout_rooms
D:9:      layout_loops_ring, hellmonk_guarded_unrand_dark_maul
D:10:     layout_basic, erik_lair_island, kennysheep_boxes, uniq_harold,
          uniq_joseph
D:11:     layout_rooms, lightli_minifort, uniq_sonja, uniq_erica, uniq_grum
Temple:   nicolae_temple_bog_church

Skill      XL: |  1  2  3  4  5  6  7  8  9 10 11 |
---------------+----------------------------------+-----
Axes           | 2 3 4 5 6 7 |  7.3
Fighting       | 3 4 5 8 10 | 10.0
Long Blades    | 1 |  1.5
Invocations    | 3 4 6 |  6.0
Armour         | 4 6 |  6.0
Maces & Flails | 5 8 |  8.0
Shields        | |  2.6

Action                     |  1- 3 |  4- 6 |  7- 9 | 10-12 || total
---------------------------+-------+-------+-------+-------++-------
  Melee: War axe           |    62 |    94 |    55 |       ||   211
         Bite              |     6 |    22 |    59 |    92 ||   179
         Long sword        |       |       |    16 |       ||    16
         Dire flail        |       |       |   109 |   222 ||   331
         Maul              |       |       |       |     6 ||     6
  Throw: Stone             |       |       |     3 |       ||     3
         Dart              |       |       |     8 |     9 ||    17
 Invoke: Heroism           |       |       |     1 |     5 ||     6
         Finesse           |       |       |       |     2 ||     2
  Evoke: Wand              |       |       |       |     1 ||     1
    Use: Potion            |       |       |     3 |       ||     3
 Armour: Scale mail        |    33 |    18 |       |       ||    51
         Ring mail         |       |    19 |       |       ||    19
         Plate armour      |       |    18 |   227 |   231 ||   476
  Dodge: Dodged            |    25 |    33 |    82 |    65 ||   205
  Block: Buckler           |    17 |    23 |    17 |       ||    57
